 Dungeon Crawl Stone Soup version 0.31-a0-204-g7da18cac08 (webtiles) character file.

Game seed: 11617091682883558866

18 qw the Shooter (level 2, -3/16 HPs)
             Began as a Deep Elf Hunter on June 27, 2023.
             Slain by a gnoll
             ... wielding a +0 spear
              (7 damage)
             ... on level 1 of the Dungeon.
             The game lasted 00:00:10 (460 turns).

qw the Shooter (Deep Elf Hunter)                     Turns: 460, Time: 00:00:10

Health: -3/16      AC:  3    Str:  8    XL:     2   Next: 48%
Magic:  4/4        EV: 12    Int: 13    God:
Gold:   38         SH:  0    Dex: 18    Spells: 1/1 levels left

rFire   . . .        a - +0 shortbow
rCold   . . .        (shield currently unavailable)
rNeg    . . .        c - +0 leather armour
rPois   .            (no helmet)
rElec   .            (no cloak)
rCorr   .            (no gloves)
SInv    .            (no boots)
Will    .....        (no amulet)
Stlth   ++           (no ring)
HPRegen 0.22/turn    (no ring)
MPRegen 0.09/turn

%: no passive effects
@: no status effects
A: no striking features
a: no special abilities


You were on level 1 of the Dungeon.
You visited 1 branch of the dungeon, and saw 1 of its levels.

You collected 38 gold pieces.


   Skills:
 - Level 1.5 Fighting
 + Level 6.3 Ranged Weapons
 - Level 2.4 Dodging
 - Level 1.2 Stealth


You had one spell level left.
You didn't know any spells.
Your spell library was empty.

Inventory:

Hand Weapons
 a - a +0 shortbow (weapon)
Armour
 c - a +0 leather armour (worn)
 k - a +0 ring mail
Scrolls
 b - a scroll of butterflies
 f - a scroll of summoning {unknown}
 g - a scroll of immolation {unknown}
 h - a scroll of noise {unknown}
 i - a scroll of amnesia {unknown}
 j - 2 scrolls of identify {unknown}
Potions
 d - a potion of curing {unknown}
 e - a potion of might {unknown}

Dungeon Overview and Level Annotations

Branches:
Dungeon (1/15)

Altars:

Annotations:
D:1 exclusion: gnoll


Message History

a +0 club; a goblin corpse A goblin comes into view.
It is wielding a +0 dagger.
Enter note:
Enter note: You shoot an arrow.
The arrow hits the goblin.
You kill the goblin!
You see here a +0 dagger.
A gnoll comes into view. It is wielding a +0 spear.
Enter note:
Enter note: You shoot an arrow.
The arrow barely misses the gnoll.
You shoot an arrow. The arrow completely misses the gnoll.
You shoot an arrow. The arrow hits the gnoll.
The gnoll is heavily wounded.
The gnoll hits you from afar with a +0 spear.
You shoot an arrow. The arrow hits the gnoll.
The gnoll is heavily wounded.
The gnoll hits you but does no damage.
You shoot an arrow. The arrow hits the gnoll.
The gnoll is severely wounded.
The gnoll completely misses you.
You shoot an arrow. The arrow hits the gnoll.
The gnoll is almost dead.
The gnoll hits you from afar with a +0 spear.
You shoot an arrow. The arrow barely misses the gnoll.
The gnoll hits you from afar with a +0 spear.
You shoot an arrow. The arrow closely misses the gnoll.
The gnoll hits you from afar with a +0 spear.
Enter note:
Enter note:
458 ||| UPGRADING to +0 ring mail.
The gnoll hits you from afar with a +0 spear.
You stop removing your armour.
459 ||| UPGRADING to +0 ring mail.
The gnoll misses you.
You start removing your armour.
You continue taking off your +0 leather armour.
The gnoll hits you from afar with a +0 spear!
You stop removing your armour.
You die...

#.#.###.#
#####.####.####.#######
#.#.###.#.## #.
#......# .)#..........
#. ######## #.#..##.#.#
.##. #..)....# .#.##
#....#### ...#
##.###### .g#
......##.# ##.# ......#
#.# ##.@# ......#
#.###.#.# ......#
#..#....# ......#
##..#### ......# #...#
......# #.### #######
#)# #####.# #.....#


You could see a gnoll.

Vanquished Creatures
  An endoplasm (D:1)
  2 giant cockroaches (D:1)
  7 goblins (D:1)
  2 hobgoblins (D:1)
  2 ball pythons (D:1)
14 creatures vanquished.

Notes
Turn   | Place    | Note
-------+----------+-------------------------------------------
     0 | D:1      | qw the Deep Elf Hunter began the quest for the Orb.
     0 | D:1      | Reached XP level 1. HP: 12/12 MP: 3/3
     0 | D:1      | 0 ||| qw: Version: 0.3-a-22-g0ed2b0b
     0 | D:1      | 0 ||| qw: Game counter: 6364
     0 | D:1      | 0 ||| qw: Melee chars always use a shield: true
     0 | D:1      | 0 ||| qw: God list: Okawaru
     0 | D:1      | 0 ||| qw: Allow faded altars: false
     0 | D:1      | 0 ||| qw: Do Orc after clearing Dungeon:15 true
     0 | D:1      | 0 ||| qw: Do second Lair branch before Depths: true
     0 | D:1      | 0 ||| qw: Lair rune preference: random
     0 | D:1      | 0 ||| qw: Goals: Normal
     0 | D:1      | 0 ||| PLANNING D:1-11
   212 | D:1      | Reached skill level 6 in Ranged Weapons
   212 | D:1      | Reached XP level 2. HP: 16/16 MP: 4/4
   458 | D:1      | 458 ||| UPGRADING to +0 ring mail.
   458 | D:1      | HP: 4/16 [gnoll/+0 spear (2)]
   459 | D:1      | 459 ||| UPGRADING to +0 ring mail.
   460 | D:1      | Slain by a gnoll

Levels and vault maps discovered:
D:1:      dpeg_arrival_simpleton_a, layout_loops_cross

Skill      XL: |  1 |
---------------+----+-----
Ranged Weapons | 6 |  6.3
Fighting       | |  1.5
Dodging        | |  2.4
Stealth        | |  1.2

Action                     || total
---------------------------++-------
   Fire: Shortbow          ||    41
 Armour: Leather armour    ||     1
  Dodge: Dodged            ||     8

Table legend:
 A = Non-vault XP
 B = Vault XP
 C = Vault XP percentage of total XP
 D = Non-vault monster count
 E = Vault monster count
 F = Vault count percentage of total count
                 A         B        C        D         E       F
            +---------+---------+-------+---------+---------+-------
      Total |      26 |       0 |   0.0 |      14 |       0 |   0.0
            +---------+---------+-------+---------+---------+-------
        D:1 |      26 |       0 |   0.0 |      14 |       0 |   0.0
            +---------+---------+-------+---------+---------+-------
